 Dungeon Crawl Stone Soup version 0.30.0-29-ga12c61a403 (webtiles) character file.

Game seed: 17528632932597290617

39 BillyBaka the Cutter (level 3, -4/20 HPs)
             Began as a Vine Stalker Monk on June 5, 2023.
             Killed from afar by Natasha (7 damage)
             ... with a magic dart
             ... on level 2 of the Dungeon.
             The game lasted 00:02:31 (1033 turns).

BillyBaka the Cutter (Vine Stalker Monk)            Turns: 1033, Time: 00:02:32

Health: -4/20      AC:  2    Str: 13    XL:     3   Next: 45%
Magic:  0/4        EV: 13    Int: 10    God:
Gold:   66         SH:  0    Dex: 18    Spells: 2/2 levels left

rFire   . . .        a - +0 short sword
rCold   . . .        d - orb {light}
rNeg    . . .        b - +0 robe
rPois   .            (no helmet)
rElec   .            (no cloak)
rCorr   .            (no gloves)
SInv    .            (no boots)
Will    +....        (no amulet)
Stlth   +            h - ring of willpower
HPRegen 0.23/turn    (no ring)
MPRegen 0.09/turn

%: guardian spirit
@: glowing
A: fangs 2, magic shield, antimagic bite, no potion heal 2
a: no special abilities


You were on level 2 of the Dungeon.
You visited 1 branch of the dungeon, and saw 2 of its levels.

You collected 66 gold pieces.

Inventory:

Hand Weapons
 a - a +0 short sword (weapon)
Armour
 b - a +0 robe (worn)
 d - an orb of light (worn)
Jewellery
 e - an amulet of faith
 h - a ring of willpower (left hand)
Scrolls
 i - 3 scrolls of identify {unknown}
 j - 3 scrolls of teleportation {unknown}
 k - a scroll of enchant armour {unknown}
Potions
 c - a potion of ambrosia
 f - 2 potions of heal wounds {unknown}
 g - a potion of curing {unknown}


   Skills:
 + Level 3.0 Fighting
 * Level 3.2 Short Blades
 + Level 2.7 Dodging
 + Level 1.6 Stealth


You had 2 spell levels left.
You didn't know any spells.
Your spell library was empty.

Dungeon Overview and Level Annotations

Branches:
Dungeon (2/15)

Altars:

Annotations:
D:2 Natasha


Innate Abilities, Weirdness & Mutations

You have extremely sharp teeth.
When hurt, damage is shared between your health and your magic reserves.
Your bite disrupts and absorbs the magic of your enemies.
Potions cannot restore your health.


Message History

Natasha stares at you and mumbles some strange words.
You resist with almost no effort.
You hit Natasha but do no damage. You bite Natasha, but do no damage.
Natasha is moderately wounded.
Natasha closely misses you.
You hit Natasha. You bite Natasha, but do no damage.
Natasha is heavily wounded.
Natasha closely misses you.
You hit Natasha but do no damage.
Natasha is heavily wounded.
Natasha's magic is no longer disrupted.
You hit Natasha but do no damage.
Natasha is heavily wounded.
Natasha casts a spell at you. The magic dart hits you.
You hit Natasha.
Natasha is almost dead.
Natasha stares at you and mumbles some strange words.
The magic dart hits you.
You are too injured to fight recklessly!
You hit Natasha.
Natasha is almost dead.
Natasha closely misses you.
You barely miss Natasha.
Natasha is almost dead.
Natasha stares at you and mumbles some strange words.
The magic dart hits you!
* * * LOW HITPOINT WARNING * * *
You hit Natasha.
Natasha is almost dead.
Natasha mumbles some strange words.
The cerulean imp hits you from afar with a +3 spear.
* * * LOW HITPOINT WARNING * * *
Natasha stares at you and mumbles some strange words.
The magic dart hits you.
* * * LOW HITPOINT WARNING * * *
Found 19 gold pieces.
Natasha casts a spell at you. The magic dart hits you!
You die...

#. #. # #. ≈# #.#
#≈## ##.# ##.~.###
#..######@.~...#
#....5h....~..$..
##..J#####.#≈#.###
##...#.# ..#≈# .#
#..5.#.# ..# #
#...##h# ...# .#
#.#.)5## #... .#
#.#....Jo>..= .#
#.########..$


You could see Natasha, a cerulean imp (summoned) and an endoplasm.

Vanquished Creatures
  2 dart slugs (D:1)
  2 orcs (D:2)
  10 bats
  An endoplasm (D:1)
  A giant cockroach (D:1)
  3 goblins (D:1)
  A hobgoblin (D:1)
  A quokka (D:1)
  3 ball pythons (D:1)
  3 kobolds (D:1)
  2 rats
29 creatures vanquished.

Notes
Turn   | Place    | Note
-------+----------+-------------------------------------------
     0 | D:1      | BillyBaka the Vine Stalker Monk began the quest for the
                  | Orb.
     0 | D:1      | Reached XP level 1. HP: 11/11 MP: 2/2
   141 | D:1      | Reached XP level 2. HP: 4/16 MP: 0/3
   300 | D:1      | Reached skill level 1 in Stealth
   536 | D:1      | Reached XP level 3. HP: 19/19 MP: 4/4
  1011 | D:2      | Noticed Natasha
  1033 | D:2      | Killed from afar by Natasha

Illustrated notes

Levels and vault maps discovered:
D:1:      mrwooster_arrival_statue_2, layout_basic
D:2:      layout_loops_ring, serial_rivers, chequers_serial_rivers_micro_e,
          chequers_serial_rivers_small_b, chequers_serial_rivers_small_3,
          chequers_serial_rivers_micro_c, chequers_serial_rivers_micro_a,
          uniq_natasha

Skill      XL: |  1  2  3 |
---------------+----------+-----
Short Blades   | 3 |  3.2
Stealth        | 1 |  1.6
Fighting       | 3 |  3.0
Dodging        | |  2.7

Action                     || total
---------------------------++-------
  Melee: Short sword       ||    75
         Bite              ||    25
 Armour: Robe              ||    12
  Dodge: Dodged            ||    42
